 Dungeon Crawl Stone Soup version 0.19.3 (webtiles) character file.

25 KyraPratley the Charmwright (level 2, -3/22 HPs)
             Began as a Demonspawn Skald on Jan 22, 2017.
             Slain by a worm (10 damage)
             ... on level 1 of the Dungeon.
             The game lasted 00:05:44 (1143 turns).

KyraPratley the Charmwright (Demonspawn Skald)      Turns: 1143, Time: 00:05:44

Health: -3/22      AC:  3    Str: 12    XL:     2   Next: 86%
Magic:  3/5        EV: 11    Int: 13    God:
Gold:   8          SH:  0    Dex: 12    Spells: 1 memorised, 4 levels left

rFire  . . .     SeeInvis .     a - +0 falchion
rCold  . . .     Gourm    .     b - +0 leather armour
rNeg   . . .     Faith    .     (no shield)
rPois  .         Spirit   .     (no helmet)
rElec  .         Reflect  .     (no cloak)
rCorr  .         Harm     .     (no gloves)
MR     .....                    (no boots)
Stlth  +.........               (no amulet)
                                (no ring)
                                (no ring)

@: infused
A: talons 1
a: no special abilities


You were on level 1 of the Dungeon.
You were not hungry.

You visited 1 branch of the dungeon, and saw 2 of its levels.

You collected 8 gold pieces.

Inventory:

Hand Weapons
 a - a +0 falchion (weapon)
Armour
 b - a +0 leather armour (worn)
Jewellery
 e - an uncursed ring of positive energy {unknown}
 i - a cursed -3 ring of intelligence {unknown}
Potions
 j - 2 potions of brilliance
Books
 c - a book of Battle

   Spells                             Type                      Level
   a - Infusion                       Charms                       1
   b - Shroud of Golubria             Charms/Translocation         2
   c - Song of Slaying                Charms                       2
   d - Spectral Weapon                Hexes/Charms                 3
   e - Regeneration                   Charms/Necromancy            3
Comestibles
 d - a bread ration
 f - a slice of pizza
 g - a meat ration
 h - a chunk of flesh


   Skills:
 + Level 2.1 Fighting
 + Level 2.2 Long Blades
 + Level 1.1 Armour
 + Level 1.0 Dodging
 + Level 2.0 Spellcasting
 + Level 3.1 Charms


You had 4 spell levels left.
You knew the following spells:

 Your Spells              Type           Power        Failure   Level  Hunger
a - Infusion              Chrm           #...         12%         1    ##.....


Dungeon Overview and Level Annotations

Branches:
Dungeon (2/15)

Altars:


Innate Abilities, Weirdness & Mutations

You have sharp toenails.


Message History

A worm comes into view.
There is a stone staircase leading up here.
You hit the worm but do no damage. You claw the worm, but do no damage.
The worm bites you!
You hit the worm.
The worm is lightly wounded.
The worm closely misses you.
You climb upwards.
There is a stone staircase leading down here.
Casting: Infusion
Confirm with . or Enter, or press ? or * to list all spells.
You don't know that spell.
Casting: Infusion
Confirm with . or Enter, or press ? or * to list all spells.
You begin infusing your attacks with magical energy.
The worm bites you.
You hit the worm!
The worm is moderately wounded.
The worm bites you!
You die...

##########.#.##.#....########.#
#.......(.......#.#### #.##
#.########.##)#.#.# #...
#.................##############
#..#######......................
#..# ####..)################
#..# ##..#########.....#. #..#
#######.w÷.......#.#####. #..#
#.......@#######.#.#(#...
#..#####.######## #.#.#.#.##
#......#.# #.#.#.#... ##.#####.#
#.#.#.#### #.#.....# #.#...#...
#.#.##### #.#.#.#.#. #...#
#...#.#.#. ##### #####.#.#.
#...#.#.


You could see a worm.

Vanquished Creatures
  2 dart slugs (D:1)
  A leopard gecko (D:1)
  A ball python (D:1)
  2 bats (D:1)
  A giant cockroach (D:1)
  2 hobgoblins (D:1)
  2 frilled lizards (D:1)
  3 goblins
  A kobold (D:1)
  8 rats
23 creatures vanquished.

Notes
Turn   | Place    | Note
-------+----------+-------------------------------------------
     0 | D:1      | KyraPratley the Demonspawn Skald began the quest for the Orb.
     0 | D:1      | Reached XP level 1. HP: 16/16 MP: 3/3
   132 | D:1      | Reached skill level 3 in Charms
   522 | D:1      | Gained mutation: You have sharp toenails. [demonic ancestry]
   522 | D:1      | Reached XP level 2. HP: 11/22 MP: 5/5
   726 | D:1      | Reached skill level 1 in Armour
  1082 | D:1      | Reached skill level 1 in Dodging
  1143 | D:1      | Slain by a worm

Skill      XL: |  1  2 |
---------------+-------+-----
Charms         | 3 |  3.1
Long Blades    | 2 |  2.2
Armour         | 1 |  1.1
Dodging        | 1 |  1.0
Fighting       | |  2.1
Spellcasting   | |  2.0

Action                   || total
-------------------------++-------
Melee: Falchion          ||    61
       Kick              ||    14
 Cast: Infusion          ||     1
  Use: Scroll            ||     5
       Potion            ||     2
  Eat: Chunk             ||     1
Armor: Leather armour    ||    17
Dodge: Dodged            ||    39
       Rpst.: Falchion   ||    10
